 Dungeon Crawl Stone Soup version 0.30-b1-2-g02819fbbbe (webtiles) character file.

Game seed: 17922693548738700740

(classic levelgen) 2402 EnegeticOcto the Cleaver (level 9, -3/78 (79) HPs)
             Began as a Minotaur Fighter on May 9, 2023.
             Was a Priest of Ru.
             Slain by Arcadio's ghost (12 damage)
             ... on level 7 of the Dungeon.
             The game lasted 00:04:19 (6590 turns).

EnegeticOcto the Cleaver (Minotaur Fighter)         Turns: 6590, Time: 00:04:20

HP:   -3/78 (79)    AC: 13    Str: 30    XL:     9   Next: 23%
MP:   17/17         EV:  9    Int:  5    God:    Ru [***...]
Gold: 332           SH:  5    Dex: 11    Spells: 8/8 levels left

rFire   x . .        a - +1 war axe
rCold   x . .        c - +0 buckler
rNeg    . . .        p - +0 chain mail
rPois   .            (helmet restricted)
rElec   .            (no cloak)
rCorr   .            g - +1 pair of gloves
SInv    .            (no boots)
Will    .....        (no amulet) Stlth
                     u - +6 ring of strength
HPRegen 0.33/turn    w - ring of magical power
MPRegen 0.15/turn

%: no passive effects
@: mighty, lethally poisoned (-3 -> -26), attractive, lightly drained, unable to
drink
A: horns 2, inability to drink after injury 2, temperature sensitive,
retaliatory headbutt
a: Renounce Religion, Draw Out Power


You were on level 7 of the Dungeon.
You worshipped Ru.
Ru was most pleased with you.
You visited 1 branch of the dungeon, and saw 7 of its levels.

You collected 332 gold pieces.

Inventory:

Hand Weapons
 a - a +1 war axe (weapon)
Armour
 b - a +0 scale mail
 c - a +0 buckler (worn)
 g - a +1 pair of gloves (worn)
   (You found it on level 1 of the Dungeon)
 p - a +0 chain mail (worn)
   (You found it on level 2 of the Dungeon)
Jewellery
 u - a +6 ring of strength (left hand)
   (You found it on level 3 of the Dungeon)
 w - a ring of magical power (right hand)
   (You found it on level 7 of the Dungeon)
 y - an amulet of faith
   (You found it on level 7 of the Dungeon)
 A - an amulet of the acrobat
   (You found it on level 7 of the Dungeon)
Wands
 i - a wand of roots (10) {@v2}
   (You found it on level 2 of the Dungeon)
 t - a wand of acid (11) {@v1}
   (You found it on level 3 of the Dungeon)
 B - a wand of polymorph (16)
   (You found it on level 5 of the Dungeon)
Scrolls
 e - a scroll of teleportation {@r3}
 k - 2 scrolls of fog
 l - 2 scrolls of enchant weapon
 s - 2 scrolls of fear
 v - a scroll of silence {unknown}
 x - a scroll of butterflies {unknown}
Potions
 d - a potion of might {@q3}
 f - 3 potions of curing {@q1}
 h - 3 potions of heal wounds {@q2}
 j - a potion of mutation
 m - a potion of cancellation
 o - 2 potions of degeneration {unknown}
 q - a potion of ambrosia {unknown}
 r - 2 potions of berserk rage {unknown}
 z - 4 potions of haste {unknown}


   Skills:
 + Level 7.6 Fighting
 * Level 9.7 Axes
 + Level 7.6 Armour
 + Level 7.6 Shields


You had 8 spell levels left.
You didn't know any spells.
Your spell library was empty.

Dungeon Overview and Level Annotations

Branches:
Dungeon (7/15)             Temple (0/1) D:7

Altars:
Ashenzari
Fedhas
Kikubaaqudgha
Ru
Trog
Xom

Shops:
D:4 (   D:5 =

Annotations:
D:7 Arcadio's ghost, novice MiGl


Innate Abilities, Weirdness & Mutations

You have a pair of horns on your head.
You sometimes lose the ability to drink potions when taking damage.
You are sensitive to extremes of temperature. (rF-, rC-)
You reflexively headbutt those who attack you in melee.


Message History

You miss the orc wizard. You hit something.
The orc wizard hits you but does no damage.
You feel drained.
You hear some strange, mumbled words.
Something tries to affect you, but you resist.
You closely miss the orc wizard. You miss something.
The orc wizard hits you but does no damage.
You feel drained.
You hear some strange, mumbled words.
Something tries to affect you, but you resist.
You closely miss the orc wizard.
You headbutt the orc wizard, but do no damage.
You barely miss something. You block the orc wizard's attack.
Something hits you but does no damage.
You barely miss the orc wizard. You headbutt the orc wizard.
The orc wizard is lightly wounded.
You closely miss something.
The orc wizard begins to cast a spell, but is stunned by your conviction!
You redirect something's attack!
Something hits you but does no damage.
You slash the orc wizard!
You kill the orc wizard!
You slash something!
Reactivating autopickup.
You feel a bit more experienced.
No target in view!
No target in view!
No target in view!
No target in view!
No target in view!
No target in view!
No target in view!
The deep elf pyromancer shouts!
Arcadio's ghost turns its malevolent gaze towards you.
Arcadio's ghost boasts, "I have defeated monsters you have never seen."
You feel very mighty all of a sudden.
Really quaff the potion of mutation?
Okay, then.
Okay, then.
Really quaff the potion of attraction? [Y]es or [N]o only, please.
Really quaff the potion of attraction?
You feel attractive to monsters.
You open the door.
Arcadio's ghost makes a sound of rattling chains.
You hit Arcadio's ghost.
Arcadio's ghost is lightly damaged.
Arcadio's ghost hits you.
You are poisoned.
You hit Arcadio's ghost but do no damage.
Arcadio's ghost is lightly damaged.
You feel very sick. Arcadio's ghost closely misses you.
You slash Arcadio's ghost!
Arcadio's ghost is moderately damaged.
You feel sick.
Arcadio's ghost is stunned by your conviction and fails to attack.
You slash Arcadio's ghost!
Arcadio's ghost is moderately damaged.
You feel sick. Arcadio's ghost hits you!
You are more poisoned.
You hit Arcadio's ghost but do no damage.
Arcadio's ghost is moderately damaged.
You feel very sick. Arcadio's ghost hits you!
You feel threatened and lose the ability to drink potions!
You are more poisoned.
You slash Arcadio's ghost!
Arcadio's ghost is heavily damaged.
You feel very sick. Arcadio's ghost hits you.
You are more poisoned.
You slash Arcadio's ghost! Your headbutt misses Arcadio's ghost.
Arcadio's ghost is severely damaged.
You feel extremely sick. Arcadio's ghost hits you.
You are lethally poisoned!
You are too injured to fight recklessly!
You are too injured to fight recklessly!
You are too injured to fight recklessly!
You are too injured to fight recklessly!
You are too injured to fight recklessly!
You are too injured to fight recklessly!
You are too injured to fight recklessly!
You are too injured to fight recklessly!
You are too injured to fight recklessly!
You slice Arcadio's ghost!!
Arcadio's ghost is almost destroyed.
* * * LOW HITPOINT WARNING * * *
You feel very sick. Arcadio's ghost hits you.
* * * LOW HITPOINT WARNING * * *
You are more poisoned.
The deep elf pyromancer begins to cast a spell, but is stunned by your conviction!
You barely miss Arcadio's ghost.
Arcadio's ghost is almost destroyed.
* * * LOW HITPOINT WARNING * * *
You feel extremely sick. Arcadio's ghost hits you!
You die...

..#....###.........####.###
..#....# #.........# #...#
.#.....# ##.#.###### ###.#
.......# #.#.###########.#
##.....# #.#.#...#.......#
.......####.#.#.?[#.......###
..............#.e.#.........#
###...........##W##.........#
# #.#######.....@...........#
###.### #####.............#
......# ##...#####....#
......# ########.....#
......# #############...#...#
....<.###.............###...#
..........############# #####
#..######## ...##


You could see a deep elf pyromancer and Arcadio's ghost.

Vanquished Creatures
  A wyvern (D:7)
  Eustachio (D:5)
  A water moccasin (D:6)
  Duvessa (D:5)
  An orc warrior (D:6)
  2 ice beasts
  2 ogres
  A phantom (D:5)
  A kobold brigand (D:6)
  3 bullfrogs (D:7)
  3 scorpions
  5 wights (D:6)
  Dowan (D:5)
  A howler monkey (D:7)
  A jelly (D:7)
  2 hounds (D:5)
  2 orc priests
  A gnoll bouda (D:7)
  3 iguanas
  9 orc wizards
  5 adders
  5 gnolls (D:7)
  2 white imps (D:6)
  A worm (D:4)
  27 orcs
  5 endoplasms
  2 giant cockroaches
  3 goblins
  5 hobgoblins
  6 jackals
  2 quokkas (D:4)
  5 ball pythons
  4 bats
  A frilled lizard (D:1)
  7 kobolds
  5 rats (D:2)
127 creatures vanquished.

Vanquished Creatures (others)
  9 toadstools (D:7)
9 creatures vanquished.

Grand Total: 136 creatures vanquished

Notes
Turn   | Place    | Note
-------+----------+-------------------------------------------
     0 | D:1      | EnegeticOcto the Minotaur Fighter began the quest for the
                  | Orb.
     0 | D:1      | Reached XP level 1. HP: 19/19 MP: 0/0
   792 | D:2      | Identified the +1 rapier "Koareit" {flame, rF+ Will+}
   891 | D:2      | Reached XP level 2. HP: 22/27 MP: 1/1
   992 | D:2      | Reached skill level 3 in Axes
  1461 | D:3      | Reached XP level 3. HP: 27/33 MP: 2/2
  1470 | D:3      | Found a sacrificial altar of Ru.
  1470 | D:3      | Found a blossoming altar of Fedhas.
  1470 | D:3      | Found a shimmering altar of Xom.
  1484 | D:3      | Became a worshipper of Ru the Awakened
  1804 | D:3      | Identified the +6 dagger "Waisol" {flame, Will+}
  2136 | D:3      | Reached XP level 4. HP: 24/40 MP: 3/3
  2143 | D:3      | Reached skill level 4 in Axes
  2665 | D:4      | Gained mutation: You occasionally lose the ability to drink
                  | potions when taking damage. [Ru sacrifice]
  2665 | D:4      | Gained mutation: You sometimes lose the ability to drink
                  | potions when taking damage. [Ru sacrifice]
  2665 | D:4      | Reached * piety under Ru
  2706 | D:4      | Found an ancient bone altar of Kikubaaqudgha.
  2989 | D:4      | Reached XP level 5. HP: 39/47 MP: 4/4
  3082 | D:4      | Noticed an ogre
  3088 | D:4      | Killed an ogre
  3089 | D:4      | Reached skill level 5 in Axes
  3141 | D:4      | Found Kylaso's Antique Weapon Shoppe.
  3458 | D:5      | Entered Level 5 of the Dungeon
  3471 | D:5      | Noticed a phantom
  3475 | D:5      | Reached XP level 6. HP: 55/55 MP: 5/5
  3481 | D:5      | Reached skill level 5 in Fighting
  3481 | D:5      | Reached skill level 5 in Armour
  3481 | D:5      | Reached skill level 5 in Shields
  3655 | D:5      | Noticed Eustachio
  3657 | D:5      | Noticed Duvessa
  3658 | D:5      | Noticed Dowan
  3671 | D:5      | Killed Eustachio
  3672 | D:5      | Reached skill level 6 in Axes
  3672 | D:5      | Reached XP level 7. HP: 26/61 MP: 6/6
  3679 | D:5      | Killed Duvessa
  3681 | D:5      | Killed Dowan
  4150 | D:5      | Reached skill level 7 in Axes
  4482 | D:5      | Found Courrauw's One-of-a-Kind Rings.
  4693 | D:6      | Found a broken altar of Ashenzari.
  4729 | D:6      | Reached XP level 8. HP: 70/70 MP: 7/7
  4996 | D:6      | Found a bloodstained altar of Trog.
  5088 | D:6      | Gained mutation: You are sensitive to extremes of
                  | temperature. (rF-, rC-) [Ru sacrifice]
  5088 | D:6      | Reached ** piety under Ru
  5088 | D:6      | Reached *** piety under Ru
  5139 | D:6      | Reached skill level 8 in Axes
  6025 | D:7      | Reached skill level 9 in Axes
  6230 | D:7      | Reached XP level 9. HP: 73/79 MP: 8/8
  6450 | D:7      | Found a runed translucent door.
  6458 | D:7      | Noticed a deep elf pyromancer
  6458 | D:7      | Noticed Arcadio's ghost (novice MiGl)
  6505 | D:7      | Found a staircase to the Ecumenical Temple.
  6590 | D:7      | Slain by Arcadio's ghost

Illustrated notes

Levels and vault maps discovered:
D:1:      wander_arrival_estate, layout_basic, serial_bayou_lagoon_b
D:2:      kennysheep_big_flooded_room, layout_loops_ring
D:3:      wander_river, layout_loops_corners, minitemple
D:4:      nicolae_BIG_FREAKIN_CUBE, layout_gridville,
          nicolae_kikubaaqudgha_miasma_corner, serial_shops, shop,
          patterned_corridor
D:5:      layout_basic, amcnicky_mini_rare_corridor_liquid,
          nicolae_shop_unique_rings, nicolae_hexahallways, minivault_23,
          uniq_duvessa, uniq_eustachio
D:6:      layout_basic, mainiacjoe_overflow_catwalk_spiral
D:7:      cheibrodos_fertilizer, layout_rooms,
          minmay_temple_entry_enclosed_plants, ebering_ghost_inner_flame

Skill      XL: |  1  2  3  4  5  6  7  8 |
---------------+-------------------------+-----
Axes           | 3 4 5 6 7 9 |  9.7
Fighting       | 4 5 6 7 |  7.6
Shields        | 4 5 6 7 |  7.6
Armour         | 4 5 6 7 |  7.6

Action                     |  1- 3 |  4- 6 |  7- 9 || total
---------------------------+-------+-------+-------++-------
  Melee: War axe           |    88 |    72 |   162 ||   322
         Headbutt          |     9 |    19 |    31 ||    59
 Invoke: Sacrifice Drink   |       |     1 |       ||     1
         Sacrifice Resista |       |       |     1 ||     1
    Use: Scroll            |     1 |       |    15 ||    16
         Potion            |       |       |     3 ||     3
 Armour: Scale mail        |    10 |       |       ||    10
         Chain mail        |    71 |    37 |    72 ||   180
  Dodge: Dodged            |    38 |    32 |    47 ||   117
  Block: Buckler           |    25 |    13 |    29 ||    67
